 Dungeon Crawl Stone Soup version 0.27.1-4-g1640c2035a (webtiles) character file.

Game seed: 16516638243572487149

112 Stomo444 the Cudgeller (level 4, -1/35 HPs)
             Began as a Demonspawn Gladiator on Nov 16, 2021.
             Slain by an orc (4 damage)
             ... on level 4 of the Dungeon.
             The game lasted 00:05:16 (3491 turns).

Stomo444 the Cudgeller (Demonspawn Gladiator)       Turns: 3491, Time: 00:05:17

Health: -1/35      AC:  5    Str: 15    XL:     4   Next: 63%
Magic:  4/4        EV: 11    Int: 10    God:
Gold:   71         SH:  0    Dex: 14    Spells: 3/3 levels left

rFire    . . .     SeeInvis .   a - +0 flail
rCold    . . .     Faith    .   (no shield)
rNeg     . . .     Spirit   .   k - +0 ring mail
rPois    .         Reflect  .   (helmet restricted)
rElec    .         Harm     .   (no cloak)
rCorr    .         Rampage  .   (no gloves)
Will     .....                  (no boots)
Stlth    +.........             (no amulet)
HPRegen  0.11/turn              (no ring)
MPRegen  0.09/turn              (no ring)

@: no status effects
A: antennae 1, demonic guardian 1
a: no special abilities


You were on level 4 of the Dungeon.
You visited 1 branch of the dungeon, and saw 4 of its levels.

You collected 71 gold pieces.

Inventory:

Hand Weapons
 a - a +0 flail (weapon)
 l - a +0 dagger
Missiles
 d - 4 throwing nets
 f - 31 stones (quivered)
Armour
 b - a +0 leather armour
 c - a +0 helmet
 k - a +0 ring mail (worn)
Scrolls
 e - a scroll of immolation {unknown}
 g - a scroll of teleportation {unknown}
 i - a scroll of identify {unknown}
 j - a scroll of fog {unknown}
Potions
 m - a potion of magic


   Skills:
 + Level 3.0 Fighting
 + Level 3.4 Maces & Flails
 - Level 1.7 Throwing
 + Level 1.7 Armour
 + Level 3.3 Dodging


You had 3 spell levels left.
You didn't know any spells.
Your spell library contained the following spells:

 Spells                   Type           Power      Damage    Failure   Level
 Animate Skeleton         Necr           0%         N/A       58%         1
 Pain                     Necr           0%         1d4       58%         1
 Vampiric Draining        Necr           0%         2d6       91%         3


Dungeon Overview and Level Annotations

Branches:
Dungeon (3/15)

Altars:
Dithmenos


Innate Abilities, Weirdness & Mutations

You have a pair of small antennae on your head.
A weak demonic guardian rushes to your aid.


Message History

The orc is severely wounded.
The orc hits you with a +0 flail.
Unknown command.
You hit the adder.
The adder is heavily wounded.
The adder bites you. The orc closely misses you. The adder bites you.
The orc hits you but does no damage.
You miss the adder.
The adder is heavily wounded.
The adder bites you.
You are poisoned.
The adder poisons you! The orc hits you but does no damage.
You miss the adder.
The adder is heavily wounded.
You feel sick. The adder barely misses you. The orc hits you with a +0 flail.
The adder bites you but does no damage.
The orc priest invokes the aid of Beogh against you.
Beogh smites you!
* * * LOW HITPOINT WARNING * * *
A demonic guardian appears!
It was a potion of curing.
You feel better. The adder bites you.
* * * LOW HITPOINT WARNING * * *
You hit the adder.
The adder is heavily wounded.
The adder closely misses you. The orc hits you with a +0 flail.
* * * LOW HITPOINT WARNING * * *
Your iron imp misses the adder.
The orc priest mumbles some strange prayers to Beogh against you.
You barely resist. The adder closely misses you.
It was a potion of magic.
Magic courses through your body. The orc closely misses you.
The orc priest calls upon Beogh to heal the orc.
The orc's wounds heal themselves!
The adder closely misses you.
Your iron imp barely misses the adder.
Unknown command.
You hit the adder.
You kill the adder!
The orc closely misses you. The orc priest closely misses you.
The orc hits you with a +0 flail.
You die...

...(.....#
..(......#
....^.(..##########
....((...........#
.................#
#.#o............#
#.#(............#
#5#(............#
#@#.............#
###oo.............#
#.................#
#.................#
#......############
##......####
#...........
#.#'########
#.#........#


You could see an orc priest, an orc and a friendly iron imp (summoned).

Vanquished Creatures
  A gnoll (D:2)
  4 adders
  An ufetubus (D:4)
  An adder skeleton (D:2)
  2 worms (D:2)
  A dart slug (D:1)
  3 orcs
  3 bats (D:1)
  6 endoplasms
  3 goblins
  4 hobgoblins
  3 quokkas
  2 ball pythons
  5 frilled lizards (D:1)
  4 kobolds
  A rat (D:1)
44 creatures vanquished.

Vanquished Creatures (collateral kills)
  2 gnolls (D:2)
  A quokka (D:1)
3 creatures vanquished.

Grand Total: 47 creatures vanquished

Notes
Turn   | Place    | Note
-------+----------+-------------------------------------------
     0 | D:1      | Stomo444 the Demonspawn Gladiator began the quest for the
                  | Orb.
     0 | D:1      | Reached XP level 1. HP: 16/16 MP: 1/1
   258 | D:1      | Gained mutation: A weak demonic guardian rushes to your
                  | aid. [demonic ancestry]
   258 | D:1      | Reached XP level 2. HP: 22/22 MP: 2/2
   977 | D:1      | Reached skill level 1 in Armour
  1193 | D:1      | Gained mutation: You have a pair of small antennae on your
                  | head. [demonic ancestry]
  1193 | D:1      | Reached XP level 3. HP: 20/28 MP: 3/3
  1379 | D:1      | Found a faded altar of an unknown god.
  2678 | D:2      | Found a shadowy altar of Dithmenos.
  2699 | D:2      | Reached XP level 4. HP: 19/34 MP: 4/4
  3063 | D:3      | Found a shadowy altar of Dithmenos.
  3372 | D:3      | You fall into a shaft and drop 1 floor!
  3487 | D:4      | HP: 1/35 [orc priest/divine providence (14)]
  3491 | D:4      | Slain by an orc

Illustrated notes

Levels and vault maps discovered:
D:1:      dpeg_cavernosity, layout_basic,
          hellmonk_ecumenical_altar_leap_of_faith, minmay_tetromino_i2
D:2:      layout_basic, basic_altar, st_stairs_6, minmay_pentomino_pile,
          uniq_sigmund
D:3:      layout_loops_ring, mainiacjoe_overflow_small_starburst,
          gammafunk_ghost_smash, cheibrodos_sewer_entry_sluice,
          chequers_serial_rivers_small_3, minivault_23, uniq_ijyb
D:4:      layout_basic, kennysheep_slug_shrine, grunt_temple_overflow_open,
          uniq_robin

Skill      XL: |  1  2  3  4 |
---------------+-------------+-----
Maces & Flails | 3 |  3.4
Dodging        | 3 |  3.3
Armour         | 1 |  1.7
Fighting       | 3 |  3.0
Throwing       | |  1.7

Action                   |  1- 3 |  4- 6 || total
-------------------------+-------+-------++-------
Melee: Flail             |   114 |    42 ||   156
Throw: Stone             |       |    25 ||    25
       Throwing net      |       |     2 ||     2
  Use: Scroll            |     2 |       ||     2
       Potion            |     1 |     3 ||     4
 Stab: Sleeping          |     2 |       ||     2
Armor: Leather armour    |    15 |       ||    15
       Skin              |    41 |     8 ||    49
       Ring mail         |    10 |    20 ||    30
Dodge: Dodged            |    63 |    35 ||    98
